 Dungeon Crawl Stone Soup version 0.28.0-53-g5a82cb258f (webtiles) character file.

Game seed: 1329064061376999943

213 NamelessAdventurer the Sneak (level 5, -4/44 HPs)
             Began as a Draconian Brigand on June 3, 2022.
             Was an Initiate of Gozag.
             Succumbed to a kobold brigand's curare-tipped dart
             ... in a sewer.
             The game lasted 00:12:22 (2557 turns).

NamelessAdventurer the Sneak (Draconian Brigand)    Turns: 2557, Time: 00:12:22

Health: -4/44      AC:  7    Str: 13    XL:     5   Next: 59%
Magic:  6/6        EV: 12    Int: 13    God:    Gozag
Gold:   126        SH:  0    Dex: 13    Spells: 6/6 levels left

rFire   . . .      SeeInvis .   c - +1 dagger (drain)
rCold   . . .      Faith    .   (no shield)
rNeg    . . .      Spirit   .   (armour unavailable)
rPois   .          Reflect  .   (helmet restricted)
rElec   .          Harm     .   b - +1 cloak
rCorr   .          Rampage  .   (no gloves)
Will    +....                   (no boots)
Stlth   +++.......              (no amulet)
HPRegen 0.14/turn               k - ring of willpower
MPRegen 0.10/turn               (no ring)

@: lethally poisoned (-4 -> -26), slowed, very slow
A: AC +5, unfitting armour, cold-blooded
a: Renounce Religion, Potion Petition, Call Merchant, Bribe Branch


You were in a sewer.
You worshipped Gozag.
Gozag was aware of your devotion.
You visited 1 branch of the dungeon, and saw 3 of its levels.
You also visited: Sewer.

You collected 166 gold pieces.
You paid 40 gold pieces to Gozag.

Inventory:

Hand Weapons
 c - a +1 dagger of draining (weapon)
Missiles
 a - 5 poisoned darts (quivered)
 d - 2 curare-tipped darts
Armour
 b - a +1 cloak (worn)
Jewellery
 k - a ring of willpower (left hand)
 m - a ring of willpower
Potions
 e - a potion of mutation {unknown}
 f - a potion of magic


   Skills:
 * Level 2.8 Fighting
 * Level 2.7 Short Blades
 * Level 3.4 Throwing
 * Level 1.6 Dodging
 * Level 4.5 Stealth
 * Level 1.1 Spellcasting


You had 6 spell levels left.
You didn't know any spells.
Your spell library was empty.

Dungeon Overview and Level Annotations

Branches:
Dungeon (3/15)              Sewer (1/1)

Altars:
Gozag

Annotations:
D:3 2 transporters, Robin; issech's ghost, novice MiMo


Innate Abilities, Weirdness & Mutations

Your plain brown scales are hard. (AC +5)
You cannot fit into any form of body armour.
You are cold-blooded and may be slowed by cold attacks.


Message History

The kobold brigand barely misses you.
You barely miss the kobold brigand.
The kobold brigand is heavily wounded.
The kobold brigand hits you but does no damage.
You hit the kobold brigand but do no damage.
The kobold brigand is heavily wounded.
The kobold brigand looks more healthy.
The kobold brigand hits you with a +0 club.
You closely miss the kobold brigand.
The kobold brigand is severely wounded.
The kobold brigand misses you. The kobold brigand barely misses you.
You hit the kobold brigand but do no damage.
The kobold brigand is severely wounded.
The kobold brigand closely misses you.
You hit the kobold brigand but do no damage.
The kobold brigand is severely wounded.
You feel yourself speed up. The kobold brigand barely misses you.
Your unstable footing causes you to fumble your attack.
The kobold brigand hits you with a +0 club.
* * * LOW HITPOINT WARNING * * *
You aren't carrying any scrolls.
The kobold brigand throws a curare-tipped dart.
The curare-tipped dart misses you.
Throw: 6 darts (poison)
Press: ? - help, Q - select action, (/) - cycle Shift-Dir - straight line, f - kobold brigand, p - worm
Aim: a kobold brigand, wielding a +0 club and quivering curare-tipped darts (severely wounded, lightly drained, 51% to hit)
You throw a poisoned dart.
The poisoned dart hits the kobold brigand.
The kobold brigand is poisoned.
The kobold brigand is severely wounded.
You hear a splash.
The kobold brigand throws a curare-tipped dart.
The curare-tipped dart hits you.
You are lethally poisoned!
You have difficulty breathing.
* * * LOW HITPOINT WARNING * * *
You feel yourself slow down.
You die...
Your body crumbles into a pile of gold.

≈#( #≈ .≈. ≈≈ #≈# .# #.# .#
#w###≈# #≈K.≈≈# ##≈≈≈## #...#
... #@..# #.≈.# ##≈≈≈# #.≈≈.#
##≈.≈.# #### .≈≈..#####≈≈.≈≈#
#####≈≈≈
#≈≈≈..≈≈≈..≈≈.########≈≈≈≈≈##
#.≈.≈≈≈≈≈.####.≈.≈.≈≈###≈≈≈
##≈.≈≈...## #≈≈.≈≈≈≈.# ####
##≈.≈≈≈.≈####≈≈≈≈..≈.###≈≈≈
##≈..≈≈≈..≈##≈≈.≈####≈).≈≈##


You could see a kobold brigand (poisoned, drained) and a worm.

Vanquished Creatures
  2 kobold brigands (Sewer)
  2 adders
  3 worms
  A dart slug (D:2)
  An orc (D:3)
  4 ball pythons
  7 endoplasms
  A giant cockroach (D:1)
  2 goblins
  4 hobgoblins
  2 jackals (D:1)
  4 kobolds
  2 quokkas (D:2)
  3 frilled lizards
  4 rats
42 creatures vanquished.

Notes
Turn   | Place    | Note
-------+----------+-------------------------------------------
     0 | D:1      | NamelessAdventurer the Draconian Brigand began the quest
                  | for the Orb.
     0 | D:1      | Reached XP level 1. HP: 17/17 MP: 1/1
    68 | D:1      | Reached skill level 1 in Dodging
   123 | D:1      | Reached skill level 4 in Stealth
   123 | D:1      | Reached XP level 2. HP: 24/24 MP: 2/2
  1119 | D:2      | Reached XP level 3. HP: 27/30 MP: 3/3
  1588 | D:3      | Found an opulent altar of Gozag.
  1603 | D:3      | Became a worshipper of Gozag Ym Sagoz the Greedy
  1616 | D:3      | Noticed issech's ghost (novice MiMo)
  1618 | D:3      | Found a transporter.
  1618 | D:3      | Noticed an ogre
  1623 | D:3      | Noticed an ogre
  1632 | D:3      | Found a transporter.
  1736 | D:3      | Noticed Robin
  1778 | D:3      | Found a glowing drain.
  1790 | Sewer    | Entered a sewer
  1992 | Sewer    | Reached XP level 4. HP: 26/37 MP: 4/4
  2081 | Sewer    | Noticed a kobold brigand
  2105 | Sewer    | Killed a kobold brigand
  2106 | Sewer    | Reached XP level 5. HP: 21/42 MP: 4/6
  2403 | Sewer    | Reached skill level 1 in Spellcasting
  2557 | Sewer    | Succumbed to a kobold brigand's curare-tipped dart

Illustrated notes

Levels and vault maps discovered:
D:1:      dpeg_arrival_three_same_balls, layout_rooms, grunt_decor_resistance
D:2:      layout_rooms, minmay_pentomino_u2
D:3:      layout_basic, nicolae_overflow_quartered_altars, portal_sewer_entry_b,
          gammafunk_ghost_smash, serial_shops, shop, uniq_robin
Sewer:    sewer_co_tree

Skill      XL: |  1  2  3  4  5 |
---------------+----------------+-----
Dodging        | 1 |  1.6
Stealth        | 4 |  4.5
Throwing       | 2 3 |  3.4
Spellcasting   | 1 |  1.1
Fighting       | |  2.8
Short Blades   | |  2.7

Action                   |  1- 3 |  4- 6 || total
-------------------------+-------+-------++-------
Melee: Dagger            |    71 |    40 ||   111
       Tailslap          |     9 |     3 ||    12
       Punch             |     1 |       ||     1
Throw: Dart              |    56 |    15 ||    71
  Use: Scroll            |     5 |       ||     5
       Potion            |       |     2 ||     2
 Stab: Sleeping          |     3 |       ||     3
Armor: Skin              |    26 |     6 ||    32
Dodge: Dodged            |    46 |    26 ||    72
